 Dungeon Crawl Stone Soup version 0.19.5 (webtiles) character file.

775 Jerry the Chopper (level 7, -7/62 HPs)
             Began as a Hill Orc Fighter on Mar 26, 2017.
             Was a Believer of Okawaru.
             Killed from afar by an electric eel (10 damage)
             ... with a bolt of electricity
             ... on level 6 of the Dungeon.
             The game lasted 00:11:46 (5401 turns).

Jerry the Chopper (Hill Orc Fighter)                Turns: 5401, Time: 00:11:46

Health: -7/62      AC:  7    Str: 21    XL:     7   Next: 84%
Magic:  9/9        EV: 10    Int:  8    God:    Okawaru [**....]
Gold:   231        SH:  0    Dex: 10    Spells: 0 memorised, 6 levels left

rFire  + . .     SeeInvis .     a - +0 war axe
rCold  . . .     Gourm    .     A - +1 ring mail {rF+}
rNeg   . . .     Faith    .     (no shield)
rPois  +         Spirit   .     (no helmet)
rElec  .         Reflect  .     (no cloak)
rCorr  .         Harm     .     (no gloves)
MR     +....                    (no boots)
Stlth  ..........               (no amulet)
                                h - ring of protection from magic
                                e - ring of poison resistance

@: no status effects
A: no striking features
a: Heroism, Renounce Religion


You were on level 6 of the Dungeon.
You worshipped Okawaru.
Okawaru was pleased with you.
You were not hungry.

You visited 2 branches of the dungeon, and saw 7 of its levels.

You collected 231 gold pieces.

Inventory:

Hand Weapons
 a - a +0 war axe (weapon)
 q - a +0 broad axe
 y - a +0 mace of protection
Armour
 b - a +0 scale mail
 c - a +0 shield
 A - a +1 ring mail of fire resistance (worn)
Jewellery
 e - a ring of poison resistance (left hand)
 h - a ring of protection from magic (right hand)
Scrolls
 g - a scroll of noise {unknown}
 k - 7 scrolls of identify {unknown}
 l - 2 scrolls of teleportation {unknown}
 m - a scroll of amnesia {unknown}
 o - a scroll of enchant weapon {unknown}
 s - a scroll of magic mapping {unknown}
 t - a scroll of enchant armour {unknown}
 x - a scroll of fog {unknown}
 B - a scroll of random uselessness {unknown}
Potions
 d - 3 potions of might
 j - 2 potions of heal wounds {unknown}
 n - a potion of agility {unknown}
 p - 3 potions of curing {unknown}
 u - a potion of degeneration {unknown}
 v - a potion of mutation {unknown}
Books
 r - a book of Cantrips

   Spells                             Type                      Level
   a - Confusing Touch                Hexes                        1
   b - Animate Skeleton               Necromancy                   1
   c - Summon Small Mammal            Summoning                    1
   d - Apportation                    Translocation                1
Comestibles
 f - 4 bread rations
 i - 4 fruits
 w - 6 chunks of flesh
 z - a meat ration


   Skills:
 + Level 5.9 Fighting
 * Level 7.9 Axes
 + Level 5.2 Armour
 - Level 3.2 Shields
 + Level 3.7 Invocations


You had 6 spell levels left.
You didn't know any spells.

Dungeon Overview and Level Annotations

Branches:
Dungeon (6/15)             Temple (1/1) D:4

Altars:
Ashenzari
Cheibriados
Dithmenos
Hepliaklqana
Makhleb
Nemelex Xobeh
Okawaru
Qazlal
Ru
Uskayaw
Vehumet
Xom
Yredelemnul
Zin
The Shining One


Message History

The electric eel is almost dead.
You closely miss the electric eel.
The electric eel is almost dead.
The electric eel shoots out a bolt of lightning at you!
The bolt of electricity hits you!
* * * LOW HITPOINT WARNING * * *
You closely miss the electric eel.
The electric eel is almost dead.
You closely miss the electric eel.
The electric eel is almost dead.
The electric eel shoots out a bolt of lightning at you!
The bolt of electricity hits you!
* * * LOW HITPOINT WARNING * * *
You closely miss the electric eel.
The electric eel is almost dead.
You closely miss the electric eel.
The electric eel is almost dead.
The electric eel shoots out a bolt of lightning at you!
The bolt of electricity hits you!
You die...

...... ....... #.......
.[...... ....... .....#
....# #####++########
....## ≈≈≈≈≈..;≈≈≈≈≈≈#
.....## .......@.....≈#
#.....# .##......##..≈#
#.....# ##(...## .≈#
..##..#≈.# ##....## #.≈#
..#####≈..##......##..≈#
.## ≈..............≈# .#
.......%(.).....+ ####
+.......[........+
#..##.#≈..............≈#


You could see an electric eel.

Vanquished Creatures
  Eustachio (D:5)
  A sky beast (D:5)
  An ogre (D:5)
  A scorpion (D:4)
  A howler monkey (D:5)
  A crimson imp (D:5)
  A bullfrog zombie (D:5)
  An orc priest (D:5)
  An orc wizard (D:5)
  3 worker ants (D:5)
  7 adders
  A gnoll (D:5)
  2 shadow imps
  5 oozes
  3 dart slugs
  3 leopard geckos
  9 orcs
  9 bats
  5 giant cockroaches
  7 goblins
  4 hobgoblins
  7 jackals (D:5)
  4 ball pythons
  5 frilled lizards
  4 kobolds
  A leopard gecko skeleton (D:4)
  6 rats
94 creatures vanquished.

Notes
Turn   | Place    | Note
-------+----------+-------------------------------------------
     0 | D:1      | Jerry the Hill Orc Fighter began the quest for the Orb.
     0 | D:1      | Reached XP level 1. HP: 19/19 MP: 1/1
    17 | D:1      | Reached skill level 3 in Axes
    76 | D:1      | Reached XP level 2. HP: 27/27 MP: 2/2
   688 | D:1      | Reached XP level 3. HP: 32/33 MP: 3/3
  1019 | D:2      | Reached skill level 4 in Axes
  1662 | D:3      | Found a shadowy altar of Dithmenos.
  1725 | D:3      | Reached XP level 4. HP: 39/40 MP: 4/4
  2481 | D:4      | Found a staircase to the Ecumenical Temple.
  2504 | D:4      | Reached skill level 5 in Axes
  2515 | Temple   | Entered the Ecumenical Temple
  2796 | Temple   | Became a worshipper of Warmaster Okawaru
  3024 | D:4      | Reached XP level 5. HP: 44/47 MP: 5/5
  3026 | D:4      | Found a sparkling altar of Nemelex Xobeh.
  3424 | D:5      | Entered Level 5 of the Dungeon
  3685 | D:5      | Found a sacrificial altar of Ru.
  3832 | D:5      | Reached skill level 6 in Axes
  3832 | D:5      | Reached XP level 6. HP: 53/55 MP: 6/6
  3895 | D:5      | Reached skill level 1 in Invocations
  3917 | D:5      | Noticed Eustachio
  3927 | D:5      | Killed Eustachio
  3927 | D:5      | Reached * piety under Okawaru
  3927 | D:5      | Reached skill level 5 in Fighting
  3943 | D:5      | Reached XP level 7. HP: 24/61 MP: 8/8
  3955 | D:5      | Reached skill level 7 in Axes
  4210 | D:5      | Reached skill level 5 in Armour
  5227 | D:5      | Reached ** piety under Okawaru
  5399 | D:6      | HP: 2/62 [electric eel/bolt of electricity (9)]
  5401 | D:6      | Killed from afar by an electric eel

Skill      XL: |  1  2  3  4  5  6  7 |
---------------+----------------------+-----
Axes           | 3 4 5 6 7 |  7.9
Fighting       | 4 5 |  5.9
Armour         | 4 5 |  5.2
Invocations    | 2 3 |  3.7
Shields        | |  3.2

Action                   |  1- 3 |  4- 6 |  7- 9 || total
-------------------------+-------+-------+-------++-------
Melee: War axe           |   118 |   138 |    83 ||   339
  Eat: Chunk             |     3 |     6 |     4 ||    13
       Pizza             |       |     1 |       ||     1
Armor: Scale mail        |    72 |    77 |    29 ||   178
       Ring mail         |       |       |     3 ||     3
Dodge: Dodged            |    73 |    82 |    31 ||   186
